 Dungeon Crawl Stone Soup version 0.17.1-3-g152610e (webtiles) character file.

12926 inmateoo the Basher (level 12, -17/73 HPs)
             Began as a Gargoyle Ice Elementalist on Mar 20, 2016.
             Was a High Priest of Okawaru.
             Killed from afar by an ice statue (30 damage)
             ... with a bolt of cold
             ... on level 12 of the Dungeon.
             The game lasted 00:22:45 (12724 turns).

inmateoo the Basher (Gargoyle Ice Elementalist)    Turns: 12724, Time: 00:22:45

Health: -17/73     AC: 25    Str: 17      XL:     12   Next: 0%
Magic:  15/15      EV: 13    Int: 14 (18) God:    Okawaru [*****.]
Gold:   757        SH:  5    Dex: 10      Spells: 1 memorised, 14 levels left

rFire  . . .     SeeInvis .     C - +2 whip (flame)
rCold  . . .     Clarity  .     d - +5 ring mail
rNeg   + + .     SustAt   .     e - +0 buckler
rPois  ∞         Gourm    .     a - +0 helmet
rElec  +         Spirit   .     (no cloak)
rCorr  .         Warding  +     q - +0 pair of gloves
rMut   .         Stasis   .     z - +1 pair of boots
MR     +++..                    r - amulet of warding
Stlth  +.........               p - ring of protection from magic
                                A - ring of protection from magic

@: extremely resistant to hostile enchantments, very unstealthy
A: clever 1, magic resistance 1, negative energy resistance 1, electricity
resistance, spit poison 1, wild magic 1, unbreathing, evolution 1, petrification
resistance, rot immunity, AC +8
a: Spit Poison, Heroism, Finesse, Renounce Religion


You were on level 12 of the Dungeon.
You worshipped Okawaru.
Okawaru was extremely pleased with you.
You were not hungry.

You visited 2 branches of the dungeon, and saw 14 of its levels.

You collected 757 gold pieces.

Inventory:

Hand Weapons
 o - a +4 flail
 t - a +0 morningstar
 C - a +2 whip of flaming (weapon)
 D - a +2 whip of electrocution
Armour
 a - a +0 helmet (worn)
 d - a +5 ring mail (worn)
 e - a +0 buckler (worn)
 q - a +0 pair of gloves (worn)
 z - a +1 pair of boots (worn)
Jewellery
 p - a ring of protection from magic (right hand)
 r - an amulet of warding (around neck)
 A - a ring of protection from magic (left hand)
Wands
 g - a wand of flame (4)
 m - a wand of magic darts (22)
 v - a wand of digging (16)
 y - a wand of disintegration (0)
Scrolls
 f - 8 scrolls of recharging
 h - 6 scrolls of identify
 j - 2 scrolls of enchant armour
 l - 5 scrolls of remove curse
 s - 4 scrolls of amnesia
 u - 2 scrolls of fear
 B - 2 scrolls of enchant weapon
 E - a scroll of magic mapping
 F - a scroll of teleportation
Potions
 k - a potion of curing
 x - a potion of flight
Books
 b - a book of Frost

   Spells                             Type                      Level
   a - Freeze                         Ice                          1
   b - Throw Frost                    Conjuration/Ice              2
   c - Ozocubu's Armour               Charms/Ice                   3
   d - Throw Icicle                   Conjuration/Ice              4
   e - Summon Ice Beast               Ice/Summoning                4
   f - Condensation Shield            Ice                          4
 w - a Necronomicon

   Spells                             Type                      Level
   a - Haunt                          Necromancy/Summoning         7
   b - Borgnjor's Revivification      Necromancy                   8
   c - Death's Door                   Charms/Necromancy            8
   d - Necromutation                  Transmutation/Necromancy     8
Comestibles
 c - 11 bread rations
 i - 5 meat rations
 n - 4 beef jerkies


   Skills:
 + Level 7.9 Fighting
 * Level 10.4 Maces & Flails
 + Level 8.0 Armour
 + Level 6.5 Dodging
 - Level 2.1 Stealth
 + Level 8.5 Shields
 - Level 0.6 Unarmed Combat
 - Level 2.0 Spellcasting
   Level 1.1 Conjurations
 - Level 3.0 Ice Magic
 + Level 5.0 Invocations


You had 14 spell levels left.
You knew the following spells:

 Your Spells              Type           Power        Failure   Level  Hunger
a - Freeze                Ice            ##..         22%         1    ##.....


Dungeon Overview and Level Annotations

Branches:
Dungeon (12/15)            Temple (0/1) D:6            Lair (0/8) D:10
    Orc (2/4) D:10

Altars:
Makhleb
Nemelex Xobeh
Okawaru
Qazlal
Ru
Trog
Xom
Yredelemnul
Zin

Shops:
Orc:2 [

Annotations:
D:12 exclusion: ice statue
Orc:1 bollicks1999's ghost, journeyman MiFi


Innate Abilities, Weirdness & Mutations

You are resistant to torment.
Your stone body is resilient (AC +8).
You are immune to poison.
You resist negative energy.
You are resistant to electric shocks.
You can survive without breathing.
You are immune to petrification.
You are immune to rotting.
Your mind is acute. (Int +2)
You are resistant to hostile enchantments.
You can spit weak poison.
Your spells are a little harder to cast, but a little more powerful.
You evolve.


Message History

Unknown command.
You hit the ice statue.
You melt the ice statue.
The ice statue is lightly damaged.
You are engulfed in freezing vapours.
The ice beast closely misses you.
Unknown command.
You hit the ice statue.
You melt the ice statue.
The ice statue is lightly damaged.
You are engulfed in freezing vapours.
The ice statue throws cold at you. The bolt of cold hits you!
Unknown command.
You hit the ice statue but do no damage.
The ice statue is lightly damaged.
You are engulfed in freezing vapours.
* * * LOW HITPOINT WARNING * * *
The ice beast's attack is warded away.
Unknown command.
The ice statue throws cold at you. The bolt of cold hits you!
You die...

. .# ### #.##
##..# ##...###
##.......
##.....#
##.@§)..#
#.Y§§.#.########
#?§8§§##.<......#
##...##########.#
##$## .# ## .# .#
.# ##


You could see an ice statue and an ice beast.

Vanquished Creatures
  The ghost of Shufflesack the Eclecticist, a journeyman DEWz of Sif Muna (D:10)
  2 hill giants
  An orange crystal statue (D:11)
  Pikel (D:7)
  An orc sorcerer (Orc:1)
  Psyche (D:11)
  A wraith (D:11)
  Sigmund (D:3)
  A spriggan (D:7)
  Eustachio (D:5)
  A hungry ghost (D:11)
  4 yaks
  2 hippogriffs
  2 wargs
  A water moccasin (D:9)
  5 sky beasts
  4 ice beasts
  4 phantoms
  2 black bears (D:7)
  8 centaurs
  A slave (D:7)
  7 spiders (D:9)
  An eye of draining (D:11)
  6 orc warriors
  4 ogres
  A crocodile (D:8)
  3 big kobolds
  10 giant frogs
  3 scorpions
  9 killer bees
  5 wights (D:6)
  2 giant frog zombies
  3 centaur zombies
  A quasit (D:9)
  8 crimson imps
  5 hounds
  2 jellies
  14 orc priests
  19 orc wizards
  Jessica (D:3)
  A centaur skeleton (D:4)
  Natasha (thrice) (D:3)
  An iguana (D:10)
  6 worker ants
  2 hound zombies
  A hound skeleton (D:4)
  Robin (D:2)
  3 gnolls (D:3)
  A river rat (D:10)
  2 shadow imps
  10 adders
  An adder skeleton (D:4)
  An adder zombie (D:9)
  8 giant geckos
  74 orcs
  A ball python (D:5)
  8 bats
  6 giant cockroaches
  14 hobgoblins
  6 jackals
  5 quokkas
  A ball python skeleton (D:4)
  3 giant newts
  12 goblins
  A jackal zombie (D:5)
  28 kobolds
  4 rats
353 creatures vanquished.

Vanquished Creatures (others)
  A slave (D:7)
  A kobold (D:1)
2 creatures vanquished.

Grand Total: 355 creatures vanquished

Notes
Turn   | Place    | Note
--------------------------------------------------------------
     0 | D:1      | inmateoo the Gargoyle Ice Elementalist began the quest for the Orb.
     0 | D:1      | Reached XP level 1. HP: 10/10 MP: 3/3
   197 | D:1      | Reached skill level 1 in Shields
   197 | D:1      | Reached XP level 2. HP: 13/15 MP: 0/5
   572 | D:1      | Reached skill level 1 in Armour
   572 | D:1      | Reached XP level 3. HP: 17/20 MP: 1/6
  1099 | D:2      | Noticed Robin
  1137 | D:2      | Killed Robin
  1137 | D:2      | Reached skill level 1 in Fighting
  1530 | D:2      | Reached XP level 4. HP: 16/25 MP: 7/7
  1609 | D:2      | Reached skill level 1 in Maces & Flails
  2007 | D:3      | Reached XP level 5. HP: 24/29 MP: 6/8
  2062 | D:3      | Noticed Sigmund
  2090 | D:3      | Killed Sigmund
  2090 | D:3      | Reached XP level 6. HP: 11/35 MP: 1/9
  2433 | D:3      | Noticed Natasha
  2433 | D:3      | Noticed Jessica
  2455 | D:3      | Killed Natasha
  2734 | D:3      | Noticed Natasha
  2744 | D:3      | Killed Natasha
  2757 | D:3      | Noticed Natasha
  2758 | D:3      | Killed Jessica
  2763 | D:3      | Killed Natasha
  3104 | D:4      | Reached XP level 7. HP: 40/40 MP: 10/10
  3583 | D:4      | Found an iron altar of Okawaru.
  3586 | D:4      | Found a bloodstained altar of Trog.
  3596 | D:4      | Found a sparkling altar of Nemelex Xobeh.
  3599 | D:4      | Found a stormy altar of Qazlal.
  3611 | D:4      | Became a worshipper of Warmaster Okawaru
  3962 | D:5      | Entered Level 5 of the Dungeon
  3966 | D:5      | Reached skill level 4 in Maces & Flails
  4029 | D:5      | Noticed Eustachio
  4105 | D:5      | Killed Eustachio
  4105 | D:5      | Reached XP level 8. HP: 44/46 MP: 11/11
  4112 | D:5      | Gained mutation: You evolve. [potion of mutation]
  4112 | D:5      | Gained mutation: You are partially covered in rough black scales (AC +4, Dex -1). [potion of mutation]
  4112 | D:5      | Gained mutation: Armour fits poorly on your strangely shaped body. [potion of mutation]
  4535 | D:5      | Found a sacrificial altar of Ru.
  4634 | D:5      | Gained mutation: Your mind is acute. (Int +2) [mutagenic meat]
  4636 | D:5      | Gained mutation: You are robust (+10% HP). [mutagenic meat]
  4738 | D:5      | Reached * piety under Okawaru
  5272 | D:6      | Reached skill level 5 in Maces & Flails
  5334 | D:6      | Found a glowing silver altar of Zin.
  5353 | D:6      | Found a basalt altar of Yredelemnul.
  5399 | D:6      | Found a staircase to the Ecumenical Temple.
  5470 | D:6      | Reached ** piety under Okawaru
  5787 | D:6      | Found a shimmering altar of Xom.
  5788 | D:6      | Found a burning altar of Makhleb.
  5795 | D:6      | Reached XP level 9. HP: 57/57 MP: 12/12
  5823 | D:6      | Reached skill level 6 in Maces & Flails
  5823 | D:6      | Reached skill level 5 in Armour
  5823 | D:6      | Reached skill level 5 in Shields
  6302 | D:7      | Reached skill level 5 in Fighting
  6406 | D:7      | Reached *** piety under Okawaru
  6533 | D:7      | Reached skill level 7 in Maces & Flails
  6802 | D:7      | Noticed Pikel
  6854 | D:7      | Killed Pikel
  6854 | D:7      | Reached XP level 10. HP: 56/66 MP: 13/13
  6864 | D:7      | Reached **** piety under Okawaru
  6864 | D:7      | Reached skill level 5 in Dodging
  7058 | D:7      | Lost mutation: You are partially covered in rough black scales (AC +4, Dex -1). [mutagenic meat]
  7059 | D:7      | Gained mutation: You can spit weak poison. [mutagenic meat]
  7061 | D:7      | Lost mutation: Armour fits poorly on your strangely shaped body. [mutagenic meat]
  7062 | D:7      | Gained mutation: You are resistant to hostile enchantments. [mutagenic meat]
  7222 | D:7      | Reached skill level 8 in Maces & Flails
  8042 | D:9      | Lost mutation: You are robust (+10% HP). [mutagenic meat]
  8153 | D:9      | Reached ***** piety under Okawaru
  8451 | D:9      | Noticed a hill giant
  8685 | D:9      | Killed a hill giant
  8685 | D:9      | Reached skill level 1 in Invocations
  9318 | D:10     | Entered Level 10 of the Dungeon
  9361 | D:9      | Reached skill level 9 in Maces & Flails
  9379 | D:9      | Received a gift from Okawaru
  9379 | D:9      | Reached XP level 11. HP: 41/67 MP: 14/14
  9398 | D:9      | Got a jewelled hat {god gift}
  9418 | D:9      | Identified the +0 hat "Xetunaso" {-Cast rPois rF- Stlth+} (Okawaru gifted it to you on level 9 of the Dungeon)
  9733 | D:10     | Found a staircase to the Lair.
  9839 | D:10     | Noticed Shufflesack's ghost (journeyman DEWz)
  9917 | D:10     | Killed Shufflesack's ghost
  9978 | D:10     | Found a staircase to the Orcish Mines.
 10042 | Orc:1    | Entered Level 1 of the Orcish Mines
 10044 | Orc:1    | Noticed bollicks1999's ghost (journeyman MiFi)
 10069 | Orc:2    | Found Ohirph's Antique Armour Emporium.
 10073 | Orc:2    | Found a bloodstained altar of Trog.
 10669 | Orc:1    | Noticed a soul eater
 11757 | D:11     | Found a shimmering altar of Xom.
 11787 | D:11     | Noticed an orange crystal statue
 11796 | D:11     | Gained mutation: Your spells are a little harder to cast, but a little more powerful. [evolution]
 11838 | D:11     | Noticed a hill giant
 11848 | D:11     | Killed a hill giant
 11848 | D:11     | Reached skill level 10 in Maces & Flails
 12117 | D:11     | Noticed Psyche
 12136 | D:11     | Killed Psyche
 12553 | D:11     | Killed an orange crystal statue
 12562 | D:11     | Reached skill level 5 in Invocations
 12562 | D:11     | Reached XP level 12. HP: 48/73 MP: 4/15
 12724 | D:12     | Killed from afar by an ice statue

Action                   |  1- 3 |  4- 6 |  7- 9 | 10-12 || total
-------------------------+-------+-------+-------+-------++-------
Melee: Unarmed           |    26 |       |       |       ||    26
       Hand axe          |    11 |       |       |       ||    11
       Mace              |   102 |    59 |       |       ||   161
       Flail             |       |    95 |   505 |   477 ||  1077
       Whip              |       |       |       |   529 ||   529
 Cast: Freeze            |    25 |    10 |     1 |       ||    36
Invok: Heroism           |       |       |     1 |     2 ||     3
       Finesse           |       |       |       |     1 ||     1
Evoke: Wand              |       |       |     3 |     5 ||     8
  Use: Scroll            |     6 |     6 |     3 |     6 ||    21
       Potion            |     1 |     1 |     1 |     3 ||     6
 Stab: Sleeping          |       |       |     3 |     1 ||     4
  Eat: Chunk             |     3 |     6 |    17 |    21 ||    47
       Bread ration      |       |       |       |     1 ||     1
       Meat ration       |       |       |       |     2 ||     2
